 Dungeon Crawl Stone Soup version 0.30-a0-1124-g6e8f0f562f (webtiles) character file.

Game seed: 17572521329065821196

14 voltaire321 the Firebug (level 2, -7/17 HPs)
             Began as an Octopode Fire Elementalist on Apr 23, 2023.
             Mangled by a gnoll
             ... wielding a +0 flail
              (14 damage)
             ... on level 1 of the Dungeon.
             The game lasted 00:01:22 (422 turns).

voltaire321 the Firebug (Octopode Fire Elementalist) Turns: 422, Time: 00:01:22

Health: -7/17      AC:  1    Str:  7    XL:     2   Next: 41%
Magic:  13/14      EV: 13    Int: 17    God:
Gold:   7          SH:  0    Dex: 12    Spells: 4/5 levels left

rFire   . . .        c - +1 dagger (protect)
rCold   . . .        (no shield)
rNeg    . . .        (helmet restricted)
rPois   .            (no amulet)
rElec   .            d - ring of magical power
rCorr   .            (no ring)
SInv    .            (no ring)
Will    .....        (no ring)
Stlth   +++          (no ring)
HPRegen 0.22/turn    (no ring)
MPRegen 0.14/turn    (no ring)
                     (no ring)

%: no passive effects
@: no status effects
A: almost no armour, amphibious, 8 rings, camouflage 1, gelatinous body 1,
(nimble swimmer 1), tentacles
a: no special abilities


You were on level 1 of the Dungeon.
You visited 1 branch of the dungeon, and saw 1 of its levels.

You collected 7 gold pieces.

Inventory:

Hand Weapons
 c - a +1 dagger of protection (weapon)
Jewellery
 d - a ring of magical power (left tentacle)
Potions
 a - a potion of magic
 b - 2 potions of haste {unknown}
 e - a potion of curing {unknown}


   Skills:
 + Level 2.2 Dodging
 + Level 3.1 Stealth
 + Level 2.1 Spellcasting
 + Level 1.3 Conjurations
 + Level 3.1 Fire Magic


You had 4 spell levels left.
You knew the following spells:

 Your Spells              Type           Power      Damage    Failure   Level
a - Foxfire               Conj/Fire      36%        2x1d5     8%          1

Your spell library contained the following spells:

 Spells                   Type           Power      Damage    Failure   Level
 Scorch                   Fire           24%        2d6       8%          2
 Inner Flame              Hex/Fire       7%         N/A       30%         3
 Volatile Blastmotes      Fire/Tloc      14%        2d11      30%         3
 Flame Wave               Conj/Fire      9%         2d6       58%         4


Dungeon Overview and Level Annotations

Branches:
Dungeon (1/15)

Altars:


Innate Abilities, Weirdness & Mutations

You cannot wear most types of armour.
You are amphibious.
You can wear up to eight rings at the same time.
Your skin changes colour to match your surroundings (Stealth+).
Your rubbery body absorbs attacks. (AC +1, EV +1)
((You are camouflaged when in or above water. (Stealth+)))
You have tentacles for arms and can constrict up to eight enemies at once.


Message History

You closely miss the quokka. You grab the quokka.
You constrict the quokka, but do no damage.
The quokka bites you but does no damage.
You hit the quokka but do no damage. You constrict the quokka.
The quokka barely misses you.
You hit the quokka but do no damage. You squeeze the quokka.
You kill the quokka!
You see here a quokka corpse.
HP restored.
A giant cockroach comes into view.
The giant cockroach completely misses you.
The giant cockroach barely misses you.
You closely miss the giant cockroach. Your grab misses the giant cockroach.
The giant cockroach bites you.
You hit the giant cockroach.
Your weapon exudes an aura of protection.
Your grab misses the giant cockroach.
Your squeeze misses the giant cockroach.
The giant cockroach is moderately wounded.
The giant cockroach bites you but does no damage.
You hit the giant cockroach.
You kill the giant cockroach!
A gnoll comes into view. It is wielding a +0 flail.
A quokka comes into view.
The gnoll shouts!
Casting: Foxfire (safe; 8% risk of failure)
Press: ? - help, Q - select action Dir - look around, f - activate You conjure some foxfire!
The foxfire hits the gnoll.
The gnoll is lightly wounded.
The foxfire hits the gnoll but does no damage.
The gnoll is lightly wounded.
The quokka misses you. The gnoll hits you with a +0 flail!
Ouch! That really hurt!
The quokka bites you.
You closely miss the gnoll. Your grab misses the gnoll.
The gnoll is lightly wounded.
The quokka closely misses you. The gnoll hits you with a +0 flail!
Ouch! That really hurt!
You die...

#..# # #..∩# ##..# #
...∩# #.#.# # #####
..#.# # # #.#.# # #
#.#.# # # ##.###.#.# #
......r#.# # ......g@.#
#
##.#####.###############
#.#..............
#.#####.#.#############
........#.# #.........#
..#########


You could see a gnoll and a quokka.

Vanquished Creatures
  A dart slug (D:1)
  A ball python (D:1)
  2 giant cockroaches (D:1)
  A goblin (D:1)
  2 hobgoblins (D:1)
  A quokka (D:1)
  2 frilled lizards (D:1)
10 creatures vanquished.

Vanquished Creatures (others)
  20 foxfires (D:1)
20 creatures vanquished.

Grand Total: 30 creatures vanquished

Notes
Turn   | Place    | Note
-------+----------+-------------------------------------------
     0 | D:1      | voltaire321 the Octopode Fire Elementalist began the quest
                  | for the Orb.
     0 | D:1      | Reached XP level 1. HP: 11/11 MP: 3/3
   135 | D:1      | Reached XP level 2. HP: 9/17 MP: 0/5
   422 | D:1      | Mangled by a gnoll

Illustrated notes

Levels and vault maps discovered:
D:1:      amcnicky_arrival_abandoned_market, layout_loops_ring, hex_medium

Skill      XL: |  1  2 |
---------------+-------+-----
Stealth        | 3 |  3.1
Dodging        | |  2.2
Spellcasting   | |  2.1
Conjurations   | |  1.3
Fire Magic     | |  3.1

Action                     || total
---------------------------++-------
  Melee: Dagger            ||    17
         Tentacles         ||     3
         Constrict         ||     2
   Cast: Foxfire           ||    11
 Armour: Skin              ||     2
  Dodge: Dodged            ||    12

Table legend: (Time is in decaauts)
 A = Elapsed time spent in this place.
 B = Non-inter-level travel time spent in this place.
 C = Inter-level travel time spent in this place.
 D = Time resting spent in this place.
 E = Time spent auto-exploring this place.
 F = Levels seen in this place.
 G = Mean time per level.
                   A        B        C        D        E       F      G
               +--------+--------+--------+--------+--------+-----+--------+
         Total |    421 |    421 |      0 |    134 |    157 |   1 |  421.0 |
       Dungeon |    421 |    421 |      0 |    134 |    157 |   1 |  421.0 |
               +--------+--------+--------+--------+--------+-----+--------+

Top non-repeatable levels by time:
     D:1: 421 daAuts
